 Dungeon Crawl Stone Soup version 0.17-a0-1647-gb11a595 (webtiles) character file.

7196 Sachiko the Grappler (level 10, -6/102 HPs)
             Began as a Troll Monk on Aug 12, 2015.
             Mangled by a seven-headed hydra (10 damage)
             ... on level 1 of the Lair of Beasts.
             The game lasted 00:39:49 (7652 turns).

Sachiko the Grappler (Troll Monk)                   Turns: 7652, Time: 00:39:49

Health: -6/102     AC:  6    Str: 24    XL:     10   Next: 87%
Magic:  7/7        EV: 13    Int:  6    God:
Gold:   590        SH:  0    Dex: 10    Spells: 0 memorised, 9 levels left

rFire  . . .     SeeInvis +       - Unarmed
rCold  . . .     Clarity  +     a - +0 robe
rNeg   . . .     SustAt   .     (no shield)
rPois  +         Gourm    +     (helmet restricted)
rElec  .         Spirit   .     h - +1 cloak
rCorr  .         Warding  .     (gloves unavailable)
rMut   .         Stasis   .     (boots unavailable)
MR     +....                    p - amulet of clarity
Stlth  +.........               (no ring)
                                i - ring of poison resistance

@: somewhat resistant to hostile enchantments, very unstealthy
A: unfitting armour, claws 3, see invisible, clumsy 1, deformed body, fast
metabolism 3, gourmand, low mp 2, magic resistance 1, regeneration 2, screaming
1, shaggy fur 1, tough skin 2, no device heal 1
a: no special abilities


You were on level 1 of the Lair of Beasts.
You were very full.

You visited 3 branches of the dungeon, and saw 13 of its levels.

You collected 590 gold pieces.

Inventory:

Armour
 a - a +0 robe (worn)
 h - a +1 cloak (worn)
Magical staves
 l - an uncursed staff of conjuration
Jewellery
 i - a ring of poison resistance (left claw)
 p - an amulet of clarity (around neck)
 r - a +2 ring of intelligence {unknown}
Magical devices
 g - a wand of fire (5)
 k - a wand of flame (33)
 n - a wand of lightning (10)
 t - a wand of enslavement (7)
 x - a wand of enslavement (1)
Scrolls
 c - 6 scrolls of remove curse
 e - 6 scrolls of noise
 m - 3 scrolls of teleportation
 w - a scroll of silence {unknown}
 y - 3 scrolls of identify
 z - 2 scrolls of enchant weapon
 B - a scroll of enchant armour
 C - a scroll of magic mapping
 D - a scroll of random uselessness {unknown}
 F - a scroll of blinking
Potions
 j - 3 potions of ambrosia
 q - a potion of might
 v - a potion of lignification
 G - a potion of magic {unknown}
 H - a potion of agility
Books
 s - a book of Clouds

   Spells                             Type                      Level
   a - Mephitic Cloud                 Conjuration/Poison/Air       3
   b - Conjure Flame                  Conjuration/Fire             3
   c - Poisonous Cloud                Conjuration/Poison/Air       6
   d - Freezing Cloud                 Conjuration/Ice/Air          6
   e - Ring of Flames                 Charms/Fire                  7
 I - a book of Cantrips

   Spells                             Type                      Level
   a - Corona                         Hexes                        1
   b - Animate Skeleton               Necromancy                   1
   c - Summon Small Mammal            Summoning                    1
   d - Apportation                    Translocation                1
Comestibles
 b - 12 bread rations
 d - a royal jelly
 f - 2 beef jerkies
 o - 4 meat rations
 u - 9 fruits
 A - 2 slices of pizza
 E - 8 chunks of flesh


   Skills:
 + Level 7.5 Fighting
 + Level 9.2 Dodging
 - Level 1.1 Stealth
 + Level 10.8 Unarmed Combat
 + Level 0.5 Evocations


You had 9 spell levels left.
You didn't know any spells.

Dungeon Overview and Level Annotations

Branches:
Dungeon (9/15)             Temple (1/1) D:7            Lair (3/8) D:9
 Spider (0/4) Lair:3
  Swamp: Lair:3-6    Shoals: Lair:3-6       Orc: D:9-12

Altars:
Ashenzari
Cheibriados
Elyvilon
Fedhas
Gozag
Kikubaaqudgha
Makhleb
Qazlal
Sif Muna
Yredelemnul
Zin

Shops:
D:7 }


Innate Abilities, Weirdness & Mutations

You are too large for most types of armour.
You have claws for hands.
Your metabolism is lightning-fast.
You like to eat raw meat.
You heal very quickly.
You are covered in fur (AC +1).
You have very tough skin (AC +2).
You have supernaturally acute eyesight.
You are clumsy. (Dex -2)
Armour fits poorly on your strangely shaped body.
Your magical capacity is very low (-20% MP).
You are resistant to hostile enchantments.
You occasionally shout uncontrollably at your foes.
Potions and wands are less effective at restoring your health.


Message History

The seven-headed hydra resists with almost no effort.
Evoking this partially-identified wand wasted a few charges.
The seven-headed hydra closely misses you.
The seven-headed hydra completely misses you.
The seven-headed hydra bites you. The seven-headed hydra bites you!
The seven-headed hydra bites you.
The seven-headed hydra closely misses you. x2
Evoke which item? (* to show all) (? for menu, Esc to quit)
Zapping:
g - a wand of fire (will waste charges)
Press: ? - help, Shift-Dir - straight line, f/p - seven-headed hydra
Aim: a seven-headed hydra The bolt of fire hits the seven-headed hydra.
The seven-headed hydra is moderately wounded.
Evoking this partially-identified wand wasted a few charges.
The seven-headed hydra bites you!
* * * LOW HITPOINT WARNING * * *
The seven-headed hydra bites you!
* * * LOW HITPOINT WARNING * * *
The seven-headed hydra bites you!
You die...

........................
........#...............
.......#.+##.......[...
#P..................
##..................
#..#####.##P....... #..#
######...... #..# ##.....
#.@## #P.....
.#######.D.# ##.####
..........## #.#
.#####....# #.# ##....#
#.# ##.....######## ..##
.#.#.#.#.#.#.#.## P.#.##
.........รท......# #.....
#.#.#.#.#.#.#.#.###......


You could see a seven-headed hydra.

Vanquished Creatures
  The ghost of Monkaria the Thaumaturge, an experienced DECj of Vehumet (D:9)
  A spiny frog (Lair:1)
  A fire drake (D:9)
  A spriggan (D:7)
  Eustachio (D:5)
  A wyvern (D:8)
  A wolf (Lair:1)
  2 hippogriffs
  Menkaure (D:6)
  An eye of draining (D:9)
  A porcupine (Lair:1)
  2 water moccasins
  3 phantoms
  4 sky beasts
  2 ice beasts
  5 ogres
  4 centaurs
  5 orc warriors
  A black bear (D:5)
  4 crocodiles
  2 big kobolds
  6 giant frogs
  4 wights (D:6)
  2 scorpions
  4 crimson imps
  2 giant frog zombies
  5 iguanas
  11 orc wizards
  5 hounds
  8 orc priests
  2 jellies (D:8)
  4 sheep
  6 worker ants
  A hound skeleton (D:6)
  4 gnolls
  14 river rats (Lair:1)
  8 adders
  2 shadow imps
  2 oozes (D:4)
  An adder skeleton (D:5)
  6 worms
  2 giant geckos
  36 orcs
  6 ball pythons
  8 bats
  11 giant cockroaches
  8 goblins
  6 hobgoblins
  23 jackals
  13 kobolds
  4 quokkas
  6 giant newts
  2 quokka skeletons (D:5)
  A quokka zombie (D:6)
  3 rats
270 creatures vanquished.

Vanquished Creatures (others)
  2 wolves (Lair:1)
2 creatures vanquished.

Grand Total: 272 creatures vanquished

Notes
Turn   | Place    | Note
--------------------------------------------------------------
     0 | D:1      | Sachiko the Troll Monk began the quest for the Orb.
     0 | D:1      | Reached XP level 1. HP: 22/22 MP: 0/0
    98 | D:1      | Reached XP level 2. HP: 29/29 MP: 1/1
   361 | D:1      | Reached XP level 3. HP: 31/36 MP: 2/2
  1398 | D:3      | Reached skill level 5 in Unarmed Combat
  1408 | D:3      | Reached XP level 4. HP: 11/44 MP: 3/3
  1952 | D:4      | Reached XP level 5. HP: 53/53 MP: 4/4
  2006 | D:4      | Noticed an ogre
  2023 | D:4      | Killed an ogre
  2049 | D:4      | Reached XP level 6. HP: 61/61 MP: 5/5
  2158 | D:4      | Reached skill level 6 in Unarmed Combat
  2741 | D:4      | Reached XP level 7. HP: 60/68 MP: 6/6
  2760 | D:5      | Entered Level 5 of the Dungeon
  3050 | D:5      | Noticed Eustachio
  3095 | D:5      | Killed Eustachio
  3225 | D:5      | Found a shattered altar of Ashenzari.
  3320 | D:5      | Reached skill level 5 in Dodging
  3325 | D:5      | Reached skill level 7 in Unarmed Combat
  3449 | D:5      | Reached XP level 8. HP: 66/79 MP: 7/7
  3453 | D:5      | Gained mutation: You have supernaturally acute eyesight. [mutagenic meat]
  3454 | D:5      | Gained mutation: You have sharp toenails. [mutagenic meat]
  3455 | D:5      | Lost mutation: You have sharp toenails. [mutagenic meat]
  3456 | D:5      | Gained mutation: You occasionally shout uncontrollably at your foes. [mutagenic meat]
  3546 | D:6      | Noticed Menkaure
  3666 | D:6      | Killed Menkaure
  3738 | D:6      | Found a burning altar of Makhleb.
  3927 | D:6      | Reached skill level 5 in Fighting
  3984 | D:6      | Reached skill level 8 in Unarmed Combat
  4005 | D:6      | Gained mutation: Your magical capacity is low (-10% MP). [mutagenic meat]
  4125 | D:6      | Reached XP level 9. HP: 80/88 MP: 7/7
  4348 | D:7      | Found a staircase to the Ecumenical Temple.
  4358 | Temple   | Entered the Ecumenical Temple
  4546 | D:7      | Found Sidunler's Gadget Shop.
  4711 | D:7      | Found an ancient bone altar of Kikubaaqudgha.
  5019 | D:7      | Reached skill level 9 in Unarmed Combat
  5849 | D:8      | Reached XP level 10. HP: 75/100 MP: 8/8
  5862 | D:8      | Gained mutation: Armour fits poorly on your strangely shaped body. [mutagenic meat]
  5863 | D:8      | Gained mutation: Your magical capacity is very low (-20% MP). [mutagenic meat]
  5864 | D:8      | Gained mutation: You are clumsy. (Dex -2) [mutagenic meat]
  5865 | D:8      | Gained mutation: You are resistant to hostile enchantments. [mutagenic meat]
  5866 | D:8      | Gained mutation: Potions and wands are less effective at restoring your health. [mutagenic meat]
  5989 | D:8      | Found a blossoming altar of Fedhas.
  6141 | D:8      | Found a deep blue altar of Sif Muna.
  6144 | D:8      | Found an opulent altar of Gozag.
  6150 | D:8      | Found a white marble altar of Elyvilon.
  6387 | D:9      | Reached skill level 10 in Unarmed Combat
  6403 | D:9      | Noticed Monkaria's ghost (experienced DECj)
  6410 | D:9      | Killed Monkaria's ghost
  6559 | D:9      | Found a staircase to the Lair.
  6589 | Lair:1   | Entered Level 1 of the Lair of Beasts
  6607 | Lair:1   | HP: 5/102 [wolf (8)]
  7487 | Lair:3   | Found a hole to the Spider Nest.
  7550 | Lair:3   | Noticed a seven-headed hydra
  7558 | Lair:2   | Noticed a five-headed hydra
  7652 | Lair:1   | HP: 4/102 [seven-headed hydra (17)]
  7652 | Lair:1   | Mangled by a seven-headed hydra

Vault maps used:
D:1:      eino_arrival_tree_alley
D:3:      minmay_misc_feat_rows
D:5:      cheibrodos_ashenzari_chains, first_bread, serial_bayou_crossing,
          uniq_eustachio
D:6:      wad_crossroads, makhleb_grotto_becter, solitary_fountain,
          uniq_menkaure
D:7:      kiku_gazebo_pond_becter, minmay_temple_entry_purple_smoke, the_bakery,
          kennysheep_diamond
D:8:      fedhas_bush_and_centaur_altar, minitemple, kennysheep_just_a_vault
D:9:      minmay_lair_entry_lava
Temple:   circular_temple_12
Lair:1:   st_stairs_13
Lair:2:   serial_bayou_pond_c, minmay_stone_trees_small, grunt_megastairs_3,
          serial_bayou_shore_a, infiniplex_staircase_pool_2
Lair:3:   dummy_spider_entry

Action                   |  1- 3 |  4- 6 |  7- 9 | 10-12 || total
-------------------------+-------+-------+-------+-------++-------
Melee: Unarmed           |   113 |   154 |   359 |   228 ||   854
Evoke: Wand              |       |       |       |     5 ||     5
  Use: Scroll            |     6 |     6 |     6 |       ||    18
       Potion            |       |     5 |     2 |     5 ||    12
 Stab: Sleeping          |     2 |     1 |     6 |       ||     9
  Eat: Chunk             |    14 |    13 |    35 |    25 ||    87
